 Dungeon Crawl Stone Soup version 0.32-a0-18-g89e19f1 (webtiles) character file.

Game seed: 18182941071353138868

837 Dorkslayer the Ducker (level 7, 0/48 HPs)
             Began as an Octopode Fighter on Jan 16, 2024.
             Killed from afar by an orc wizard (6 damage)
             ... with a magic dart
             ... on level 5 of the Dungeon.
             The game lasted 00:16:49 (4277 turns).

Dorkslayer the Ducker (Octopode Fighter)            Turns: 4277, Time: 00:16:50

Health: 0/48       AC:  1    Str: 15    XL:     7   Next: 99%
Magic:  16/16      EV: 14    Int: 10    God:
Gold:   333        SH:  6    Dex: 14    Spells: 6/6 levels left

rFire   . . .        a - +0 long sword
rCold   + . .        b - +1 buckler
rNeg    . . .        r - +0 hat
rPois   .            e - amulet of magic regeneration
rElec   .            g - ring of magical power
rCorr   .            v - ring of protection from cold
SInv    .            (no ring)
Will    .....        (no ring)
Stlth   ++++         (no ring)
HPRegen 0.28/turn    (no ring)
MPRegen 0.55/turn    (no ring)
                     (no ring)

%: no passive effects
@: mighty, brilliant, hasted, very quick
A: almost no armour, amphibious, 8 rings, camouflage 1, gelatinous body 1,
(nimble swimmer 1), tentacles
a: no special abilities


You were on level 5 of the Dungeon.
You visited 1 branch of the dungeon, and saw 5 of its levels.

You collected 333 gold pieces.

Inventory:

Hand Weapons
 a - a +0 long sword (weapon)
 q - a +0 falchion
Missiles
 y - 2 atropa-tipped darts (quivered)
Armour
 b - a +1 buckler (worn)
 r - a +0 hat (worn)
Jewellery
 e - an amulet of magic regeneration (around mantle)
 g - a ring of magical power (left tentacle)
 v - a ring of protection from cold (right tentacle)
Talismans
 h - a storm talisman
Wands
 m - a wand of paralysis (9)
 o - a wand of quicksilver (9)
Scrolls
 d - 7 scrolls of teleportation
 j - a scroll of poison {unknown}
 k - a scroll of enchant armour
 p - a scroll of fear {unknown}
 s - a scroll of brand weapon {unknown}
Potions
 t - a potion of enlightenment
 u - a potion of mutation {unknown}
 x - a potion of might


   Skills:
 + Level 4.1 Fighting
 + Level 4.6 Long Blades
 * Level 5.0 Dodging
 + Level 3.9 Stealth
 + Level 3.7 Shields
 * Level 1.8 Unarmed Combat
 * Level 2.6 Evocations
 + Level 1.5 Shapeshifting


You had 6 spell levels left.
You didn't know any spells.
Your spell library contained the following spells:

 Spells                   Type           Power      Damage    Failure   Level
 Summon Small Mammal      Summ           0%         N/A       45%         1
 Blink                    Tloc           0%         N/A       58%         2
 Ensorcelled Hibernation  Hex/Ice        0%         N/A       58%         2
 Lesser Beckoning         Tloc           0%         N/A       58%         2
 Momentum Strike          Conj/Tloc      0%         3d8       58%         2
 Scorch                   Fire           0%         2d5       58%         2
 Call Canine Familiar     Summ           0%         N/A       83%         3
 Fugue of the Fallen      Necr           0%         N/A       83%         3
 Anguish                  Hex/Necr       0%         N/A       99%         4
 Flame Wave               Conj/Fire      0%         2d4       99%         4
 Summon Blazeheart Golem  Fire/Summ      0%         N/A       99%         4
 Summon Cactus Giant      Summ           0%         N/A       100%        6


Dungeon Overview and Level Annotations

Branches:
Dungeon (5/15)
 Temple: D:4-7

Altars:
Kikubaaqudgha
Sif Muna
Zin

Shops:
D:4 :


Innate Abilities, Weirdness & Mutations

You cannot wear most types of armour.
You are amphibious.
You can wear up to eight rings at the same time.
Your skin changes colour to match your surroundings (Stealth+).
Your rubbery body absorbs attacks. (AC +1, EV +1)
((You are camouflaged when in or above water. (Stealth+)))
You have tentacles for arms and can constrict up to eight enemies at once.


Message History

The ufetubus hits you but does no damage.
The ufetubus closely misses you.
You slash the ufetubus!
You kill the ufetubus!
The centaur completely misses you. The centaur kicks you.
You block the centaur's attack. The centaur kicks you.
You barely miss the centaur.
The centaur is severely wounded.
The centaur barely misses you. The centaur kicks you.
The orc wizard gestures wildly while chanting.
The orc wizard flickers and vanishes!
Deactivating autopickup; reactivate with Ctrl-A.
The orc wizard mumbles some strange words.
The orc wizard flickers and vanishes!
You hear a shout!
The orc shouts!
You slash the centaur!
You kill the centaur!
You block something's attack.
Your Dodging skill increases to level 5!
You closely miss something. Your squeeze misses something. Something hits you.
Aiming: Quicksilver Bolt
Press: ? - help, Shift-Dir - straight line, f - orc
Aim: an orc, wielding a +0 hand axe (71% to hit)
The bolt of dispelling energy hits the orc!!
You kill the orc!
The bolt of dispelling energy hits the orc!!
You kill the orc!
You hear a shout!
You slash something! Your squeeze misses something.
You block something's attack.
A magic dart appears from out of thin air!
The magic dart hits you!
* * * LOW HITPOINT WARNING * * *
Aiming: Quicksilver Bolt
Press: ? - help, Shift-Dir - straight line You hear some strange, mumbled words.
A magic dart appears from out of thin air!
The magic dart hits you.
You die...

....>....###.###
.......S...#...#
#...⌠o....# ##
###..{#...
#+##.###.##)###
..........†...#
##.......)#.#.##
##....{)##.#<.#
#.....@##.........o
##.#...#.....#...o.
#...........##....
#.....#....... ....
#......#........
.#.
###............. #
#..............#
#....# .......
#...# ....$..


You could see an orc.

Vanquished Creatures
  Grinder (D:4)
  Sigmund (D:2)
  A centaur (D:5)
  A scorpion (D:5)
  A bombardier beetle (D:4)
  A sleepcap (D:4)
  Jessica (D:2)
  An orc wizard (D:4)
  5 gnolls (D:3)
  3 adders
  A shadow imp (D:4)
  2 ufetubi (D:5)
  A dart slug (D:2)
  6 orcs
  6 endoplasms
  2 giant cockroaches
  38 goblins
  31 hobgoblins
  3 quokkas
  3 ball pythons
  6 bats
  2 frilled lizards
  7 kobolds
  2 rats
126 creatures vanquished.

Notes
Turn   | Place    | Note
-------+----------+-------------------------------------------
     0 | D:1      | Dorkslayer the Octopode Fighter began the quest for the
                  | Orb.
     0 | D:1      | Reached XP level 1. HP: 16/16 MP: 1/1
   139 | D:1      | Reached XP level 2. HP: 17/21 MP: 2/2
   802 | D:2      | Noticed Sigmund
   856 | D:2      | Reached XP level 3. HP: 26/26 MP: 3/3
   963 | D:2      | Noticed Jessica
   967 | D:2      | Killed Jessica
   968 | D:2      | Reached skill level 1 in Stealth
  1036 | D:2      | Killed Sigmund
  1037 | D:2      | Reached skill level 4 in Dodging
  1037 | D:2      | Reached skill level 1 in Shapeshifting
  1037 | D:2      | Reached XP level 4. HP: 17/31 MP: 4/4
  1037 | D:2      | Reached XP level 5. HP: 20/36 MP: 5/5
  1068 | D:2      | Found a shimmering blue altar of Sif Muna.
  1820 | D:3      | Reached XP level 6. HP: 33/42 MP: 6/6
  2968 | D:3      | Reached skill level 1 in Evocations
  3367 | D:4      | Found a glowing silver altar of Zin.
  3371 | D:4      | Found an ancient bone altar of Kikubaaqudgha.
  3559 | D:4      | Found Sourhuopn's Book Emporium.
  3583 | D:4      | Reached XP level 7. HP: 32/47 MP: 7/7
  3682 | D:4      | Noticed Grinder
  3687 | D:4      | Paralysed by Grinder for 2 turns
  3697 | D:4      | Killed Grinder
  3698 | D:4      | Reached skill level 1 in Unarmed Combat
  4218 | D:5      | Entered Level 5 of the Dungeon
  4274 | D:5      | Reached skill level 5 in Dodging
  4277 | D:5      | Killed from afar by an orc wizard

Illustrated notes

Levels and vault maps discovered:
D:1:      tarquinn_simple_flora_water_f, layout_loops_ring
D:2:      layout_basic, basic_altar, uniq_sigmund, uniq_jessica
D:3:      minmay_goblin_kobold_castle, layout_loops_ring
D:4:      layout_cave_pods, mainiacjoe_overflow_divided_tiny, serial_shops,
          shop, nrook_campfire, minmay_misc_feat_cross, uniq_grinder
D:5:      layout_cave_pools, minmay_temple_entry_trees, serial_shops,
          nicolae_stop_n_shop_2, grunt_ministairs_13, uniq_eustachio,
          uniq_edmund

Skill      XL: |  1  2  3  4  5  6  7 |
---------------+----------------------+-----
Stealth        | 3 |  3.9
Long Blades    | 3 4 |  4.6
Dodging        | 4 5 |  5.0
Shapeshifting  | 1 |  1.5
Evocations     | 1 2 |  2.6
Fighting       | 4 |  4.1
Unarmed Combat | 1 |  1.8
Shields        | |  3.7

Action                     |  1- 3 |  4- 6 |  7- 9 || total
---------------------------+-------+-------+-------++-------
  Melee: Long sword        |    45 |   133 |    31 ||   209
         Constrict         |    11 |    40 |     7 ||    58
         Tentacles         |     7 |    21 |     6 ||    34
         Punch             |       |     3 |       ||     3
  Throw: Dart              |       |       |     2 ||     2
  Evoke: Wand              |       |     2 |     3 ||     5
    Use: Scroll            |     3 |       |     3 ||     6
         Potion            |     1 |       |     5 ||     6
   Stab: Sleeping          |     7 |     9 |     1 ||    17
 Armour: Skin              |    18 |    72 |    26 ||   116
  Dodge: Dodged            |    34 |   122 |    31 ||   187
  Block: Buckler           |     7 |    63 |    16 ||    86

Table legend: (Time is in decaauts)
 A = Elapsed time spent in this place.
 B = Non-inter-level travel time spent in this place.
 C = Inter-level travel time spent in this place.
 D = Time resting spent in this place.
 E = Time spent auto-exploring this place.
 F = Levels seen in this place.
 G = Mean time per level.
                   A        B        C        D        E       F      G
               +--------+--------+--------+--------+--------+-----+--------+
         Total |   4330 |   4330 |      0 |    420 |   2015 |   5 |  866.0 |
       Dungeon |   4330 |   4330 |      0 |    420 |   2015 |   5 |  866.0 |
               +--------+--------+--------+--------+--------+-----+--------+

Top non-repeatable levels by time:
     D:3: 1518 daAuts
     D:4: 1091 daAuts
     D:2: 878 daAuts
     D:1: 781 daAuts
     D:5: 61 daAuts
